 Dungeon Crawl Stone Soup version 0.29-a0-557-g43b9904bd1 (webtiles) character file.

Game seed: 3568803193716607773

5730 happo123 the Covert (level 10, -31/58 HPs)
             Began as a Vampire Enchanter on June 9, 2022.
             Was a Believer of Wu Jian.
             Annihilated by a two-headed ogre
             ... wielding a +0 giant spiked club
              (33 damage)
             ... on level 9 of the Dungeon.
             The game lasted 00:41:34 (9576 turns).

happo123 the Covert (Vampire Enchanter)             Turns: 9576, Time: 00:41:35

Health: -31/58     AC:  5    Str:  7    XL:     10   Next: 48%
Magic:  18/26      EV: 15    Int: 22    God:    Wu Jian [**....]
Gold:   558        SH:  0    Dex: 15    Spells: 11/19 levels left

rFire   . . .      SeeInvis +   C - +3 short sword
rCold   + + +      Faith    .   (no shield)
rNeg    + + +      Spirit   .   F - +2 robe {rF+}
rPois   ∞          Reflect  .   H - +0 helmet
rElec   .          Harm     .   D - scarf {shadows}
rCorr   .          Rampage  .   (no gloves)
Will    +....                   (no boots)
Stlth   +++++++...              (no amulet)
HPRegen 0.00/turn               d - ring of ice
MPRegen 0.20/turn               p - ring of magical power

@: confusing by touch, bloodless, inhibited regen
A: bloodless, fangs 3, see invisible, vampiric 2
a: Bat Form, Revivify, Renounce Religion, Wall Jump


You were on level 9 of the Dungeon.
You worshipped Wu Jian.
Wu Jian was pleased with you.
You visited 2 branches of the dungeon, and saw 10 of its levels.

You collected 584 gold pieces.
You spent 26 gold pieces at shops.

Inventory:

Hand Weapons
 a - a +1 dagger
 k - a +3 hand axe
 x - a +0 arbalest
 C - a +3 short sword (weapon)
Armour
 b - a +0 robe
 o - a +0 cloak
 D - a scarf of shadows (worn)
 F - a +2 robe of fire resistance (worn)
 H - a +0 helmet (worn)
Jewellery
 d - a ring of ice (left hand)
 f - a ring of fire
 m - a ring of poison resistance
 p - a ring of magical power (right hand)
 r - a +6 ring of strength
 y - a ring of resist corrosion
Wands
 w - a wand of digging (3)
 G - a wand of acid (8)
 I - a wand of flame (26)
 J - a wand of mindburst (29)
Scrolls
 e - 6 scrolls of teleportation
 h - 2 scrolls of identify
 n - 4 scrolls of enchant weapon
 q - a scroll of acquirement {unknown}
 s - 3 scrolls of enchant armour
 v - a scroll of noise
 A - a scroll of fear
 B - a scroll of poison
Potions
 c - 3 potions of invisibility
 g - 11 potions of curing
 i - 7 potions of brilliance
 j - 4 potions of heal wounds {unknown}
 l - 2 potions of degeneration {unknown}
 t - a potion of might {unknown}
 u - 2 potions of haste
 z - 3 potions of attraction {unknown}
 E - 2 potions of ambrosia


   Skills:
 + Level 4.6 Fighting
 + Level 5.9 Short Blades
 + Level 6.1 Dodging
 * Level 12.4 Stealth
 + Level 5.2 Spellcasting
 * Level 11.4 Hexes
 + Level 4.7 Ice Magic


You had 11 spell levels left.
You knew the following spells:

 Your Spells              Type           Power      Damage    Failure   Level
a - Ensorcelled Hibernat  Hex/Ice        100%       N/A       1%          2
b - Confusing Touch       Hex            54%        N/A       1%          3
c - Tukima's Dance        Hex            54%        N/A       1%          3

Your spell library contained the following spells:

 Spells                   Type           Power      Damage    Failure   Level
 Slow                     Hex            100%       N/A       1%          1
 Dazzling Flash           Conj/Hex       60%        N/A       2%          3
 Inner Flame              Hex/Fire       30%        N/A       2%          3
 Foxfire                  Conj/Fire      20%        2x1d5     10%         1
 Sting                    Tmut/Pois      20%        1d4       10%         1
 Poisonous Vapours        Pois/Air       10%        N/A       16%         2
 Conjure Flame            Conj/Fire      5%         6-21      30%         3
 Vampiric Draining        Necr           5%         2d6       30%         3
 Flame Wave               Conj/Fire      5%         2d5       69%         4
 Olgreb's Toxic Radiance  Pois           5%         N/A       69%         4


Dungeon Overview and Level Annotations

Branches:
Dungeon (9/15)             Temple (1/1) D:4
   Lair: D:8-11         Orc: D:9-12

Altars:
Ashenzari
Cheibriados
Dithmenos
Elyvilon
Fedhas
Gozag
Hepliaklqana
Kikubaaqudgha
Makhleb
Nemelex Xobeh
Okawaru
Qazlal
Ru
Sif Muna
Trog
Uskayaw
Vehumet
Wu Jian
Xom
Yredelemnul
Zin
The Shining One

Shops:
D:1 (   D:3 ?!   D:8 *


Innate Abilities, Weirdness & Mutations

You do not regenerate when monsters are visible.
You are frail without blood (-20% HP).
You can heal yourself when you bite living creatures.
You are immune to poison.
You have razor-sharp teeth.
You have supernaturally acute eyesight. (SInv)
You are afflicted with vampirism and can become a bat while bloodless.


Message History

Aiming: Ensorcelled Hibernation (safe; 1% risk of failure)
Press: ? - help, Q - select action, (/) - cycle Shift-Dir - straight line, f/p - two-headed ogre
Aim: a two-headed ogre, wielding two +0 giant spiked clubs (heavily wounded, chance to affect: 54%)
You feel a surge of power!
The two-headed ogre resists with some effort.
The two-headed ogre closely misses you.
The two-headed ogre hits you with a +0 giant spiked club.
The orc priest hits you but does no damage.
Casting: Ensorcelled Hibernation (safe; 1% risk of failure)
Confirm with . or Enter, or press ? or * to list all spells.
Your hands begin to glow red.
The orc priest miscasts a cantrip.
The two-headed ogre closely misses you.
The two-headed ogre completely misses you.
You hit the two-headed ogre but do no damage.
The two-headed ogre is heavily wounded.
The orc priest misses you.
You hit the two-headed ogre but do no damage.
The two-headed ogre is heavily wounded.
The two-headed ogre misses you. The two-headed ogre closely misses you.
The orc priest hits you with a +0 dagger.
You hit the two-headed ogre but do no damage.
You punch the two-headed ogre.
The two-headed ogre is heavily wounded.
The orc priest invokes the aid of Beogh against you.
Beogh smites you!
You barely miss the two-headed ogre. Your punch misses the two-headed ogre.
The two-headed ogre is heavily wounded.
The two-headed ogre misses you.
The two-headed ogre hits you with a +0 giant spiked club!
* * * LOW HITPOINT WARNING * * *
You hit the two-headed ogre but do no damage.
The two-headed ogre is heavily wounded.
The orc priest hits you with a +0 dagger.
* * * LOW HITPOINT WARNING * * *
You hit the two-headed ogre but do no damage.
The two-headed ogre is heavily wounded.
The two-headed ogre hits you with a +0 giant spiked club!!
Ouch! That really hurt!
You die...

..........#.......#......#..##≈≈≈
..........#.......#......#.##≈≈≈.
.......####.......#......###≈≈≈.≈
....)..#..........######'##≈≈≈...
.......#....<............#≈≈≈.≈.≈
.......#.................#≈≈)..≈.
###....#....>.........<..'..).≈.≈
...............Oo........'..)).≈.
..............).@........'..).≈.≈
.#####......#............#≈≈...≈.
...#........#.....########≈≈≈.≈.≈
.......#..........#......##≈≈≈...
.#.#...#..........#.########≈≈≈.≈
....#.###.#.......#.# ##≈≈≈.
.......#...#......#.# ###≈≈≈
##.....#........###.# #.##≈≈
#.........#........# #))##≈


You could see a two-headed ogre and an orc priest.

Vanquished Creatures
  Joseph (D:7)
  Prince Ribbit (D:6)
  Sigmund (D:4)
  A steam dragon (D:9)
  Menkaure (D:6)
  8 wargs (D:9)
  A water moccasin (D:7)
  2 orc warriors
  An ice beast (D:7)
  A sky beast (D:8)
  2 black bears
  5 centaurs
  A phantom (D:4)
  2 kobold brigands
  4 bullfrogs
  A scorpion (D:5)
  A gnoll sergeant (D:9)
  A necrophage (D:6)
  16 killer bees
  7 howler monkeys (D:9)
  An electric eel (D:9)
  3 jellies
  3 hounds
  2 orc priests (D:9)
  A gnoll shaman (D:8)
  4 iguanas
  Natasha (thrice) (D:2)
  11 orc wizards
  15 gnolls
  4 adders
  4 ufetubi
  A worm (D:2)
  The ghost of DocClef the Covert, a weakling GnDe (D:6)
  3 dart slugs
  32 orcs
  9 endoplasms
  3 giant cockroaches
  10 goblins
  9 hobgoblins
  11 jackals
  9 quokkas
  4 ball pythons
  10 bats
  4 frilled lizards
  13 kobolds
  5 rats
233 creatures vanquished.

Vanquished Creatures (collateral kills)
  A gnoll sergeant (D:9)
  3 gnolls
  An orc (D:9)
5 creatures vanquished.

Vanquished Creatures (others)
  A dancing weapon (D:8)
  8 plants (D:2)
9 creatures vanquished.

Grand Total: 247 creatures vanquished

Notes
Turn   | Place    | Note
-------+----------+-------------------------------------------
     0 | D:1      | happo123 the Vampire Enchanter began the quest for the Orb.
     0 | D:1      | Reached XP level 1. HP: 13/13 MP: 3/3
    82 | D:1      | Reached XP level 2. HP: 10/19 MP: 5/5
    86 | D:1      | Learned a level 2 spell: Ensorcelled Hibernation
   206 | D:1      | Found Mapp's Weapon Shoppe.
   234 | D:1      | Reached skill level 5 in Stealth
   569 | D:1      | Gained mutation: You are afflicted with vampirism and can
                  | become a bat while bloodless. [Vampire growth]
   569 | D:1      | Reached XP level 3. HP: 20/20 MP: 6/6
   573 | D:1      | Learned a level 3 spell: Confusing Touch
   954 | D:2      | Reached skill level 5 in Hexes
  1546 | D:2      | Reached skill level 1 in Fighting
  1546 | D:2      | Reached XP level 4. HP: 25/25 MP: 7/7
  1940 | D:2      | Noticed Natasha
  1947 | D:2      | Killed Natasha
  1948 | D:2      | Reached XP level 5. HP: 29/29 MP: 8/8
  1952 | D:2      | Learned a level 3 spell: Tukima's Dance
  2127 | D:2      | Noticed Natasha
  2131 | D:2      | Killed Natasha
  2132 | D:2      | Reached skill level 6 in Stealth
  2194 | D:2      | Noticed Natasha
  2205 | D:2      | Killed Natasha
  2369 | D:3      | Found Humimm's Distillery.
  2371 | D:3      | Found Qosu Hax's Magic Scroll Emporium.
  2398 | D:3      | Bought a scroll of identify for 26 gold pieces
  2606 | D:3      | Found a shadowy altar of Dithmenos.
  2953 | D:3      | Reached XP level 6. HP: 34/34 MP: 10/10
  3451 | D:4      | Noticed Sigmund
  3459 | D:4      | Killed Sigmund
  3460 | D:4      | Reached skill level 7 in Stealth
  3460 | D:4      | Reached skill level 1 in Ice Magic
  3497 | D:4      | Reached XP level 7. HP: 39/40 MP: 2/11
  3820 | D:4      | Found a sparkling altar of Nemelex Xobeh.
  3820 | D:4      | Found an opulent altar of Gozag.
  3892 | D:4      | Found a staircase to the Ecumenical Temple.
  3953 | Temple   | Entered the Ecumenical Temple
  4248 | D:5      | Entered Level 5 of the Dungeon
  4265 | D:5      | Reached skill level 8 in Stealth
  5255 | D:6      | Noticed Menkaure
  5266 | D:6      | Killed Menkaure
  5267 | D:6      | Reached XP level 8. HP: 45/45 MP: 13/13
  5369 | D:6      | Noticed Prince Ribbit
  5374 | D:6      | Killed Prince Ribbit
  5499 | D:6      | Reached skill level 9 in Stealth
  5796 | D:6      | Noticed DocClef's ghost (weakling GnDe)
  5803 | D:6      | Found a transporter.
  5806 | D:6      | Found a transporter.
  6588 | D:7      | Reached XP level 9. HP: 36/51 MP: 15/15
  6678 | D:7      | Found an ornate altar of the Wu Jian Council.
  6685 | D:7      | Became a worshipper of the Wu Jian Council
  6781 | D:7      | Reached skill level 10 in Stealth
  6885 | D:7      | Reached skill level 5 in Dodging
  7171 | D:7      | Noticed Joseph
  7188 | D:7      | Killed Joseph
  7427 | D:7      | Found a shimmering blue altar of Sif Muna.
  7428 | D:7      | Found a basalt altar of Yredelemnul.
  7428 | D:7      | Found a bloodstained altar of Trog.
  7429 | D:7      | Found an ancient bone altar of Kikubaaqudgha.
  7430 | D:7      | Found a sacrificial altar of Ru.
  7432 | D:7      | Found a shimmering altar of Xom.
  7642 | D:8      | Found Keimat's General Store.
  7671 | D:8      | Reached skill level 10 in Hexes
  7691 | D:8      | Reached skill level 5 in Short Blades
  7827 | D:8      | Reached * piety under Wu Jian
  7828 | D:8      | Reached skill level 11 in Stealth
  8228 | D:6      | Killed DocClef's ghost
  8620 | D:9      | Reached XP level 10. HP: 57/57 MP: 17/17
  9037 | D:9      | Reached ** piety under Wu Jian
  9041 | D:9      | Reached skill level 5 in Spellcasting
  9044 | D:9      | Reached skill level 12 in Stealth
  9559 | D:9      | Noticed a two-headed ogre
  9575 | D:9      | HP: 2/58 [orc priest/+0 dagger (2)]
  9576 | D:9      | Annihilated by a two-headed ogre

Illustrated notes

Levels and vault maps discovered:
D:1:      dpeg_arrival_radiant, layout_rooms, serial_shops,
          nicolae_shop_advertising_works [nicolae_subvault_shop_adworks],
          hangedman_decor_clover_reticule, minmay_tall_x
D:2:      wad_woods_settlement, layout_basic, uniq_natasha
D:3:      layout_basic, mainiacjoe_overflow_six_doors_small, serial_shops, shop,
          shop
D:4:      layout_loops_ring, grunt_temple_overflow_opulence,
          minmay_temple_entry_large_hall, uniq_sigmund
D:5:      layout_cave_pods, serial_park_tiny_1, chequers_serial_rivers_small_a
D:6:      layout_loops_ring, gammafunk_ghost_hive, kennysheep_generic_room_8,
          uniq_menkaure, uniq_prince_ribbit1
D:7:      layout_cave_pools, mainiacjoe_overflow_tiny_flanked, minitemple,
          uniq_joseph
D:8:      layout_rooms, serial_shops, nicolae_shop_hallway_stairs,
          bh_walls_and_bars
D:9:      lemuel_castle_with_subvaults [lemuel_castle_interior_original],
          layout_irregular_city, kennysheep_cluttered_room, st_stairs_11,
          hangedman_decor_lopped, uniq_erica
Temple:   jpeg_temple_clearing

Skill      XL: |  1  2  3  4  5  6  7  8  9 10 |
---------------+-------------------------------+-----
Stealth        | 5 6 7 8 9 11 12 | 12.4
Hexes          | 5 6 7 9 10 11 | 11.4
Fighting       | 1 2 3 4 |  4.6
Short Blades   | 2 3 4 5 |  5.9
Dodging        | 3 4 5 6 |  6.1
Ice Magic      | 1 2 3 4 |  4.7
Spellcasting   | 3 4 5 |  5.2

Action                   |  1- 3 |  4- 6 |  7- 9 | 10-12 || total
-------------------------+-------+-------+-------+-------++-------
Melee: Dagger            |   112 |    82 |    34 |       ||   228
       Bite              |    10 |     6 |    15 |       ||    31
       Short sword       |       |       |   157 |    46 ||   203
       Punch             |       |       |     1 |     1 ||     2
 Fire: Arbalest          |       |       |       |    37 ||    37
 Cast: Ensorcelled Hiber |    24 |    41 |    70 |    45 ||   180
       Confusing Touch   |       |     1 |     9 |     1 ||    11
       Tukima's Dance    |       |       |     3 |     3 ||     6
Invok: Lunge             |       |       |    11 |     5 ||    16
       Whirlwind         |       |       |     6 |     4 ||    10
 Abil: Exsanguinate      |     1 |       |       |       ||     1
  Use: Scroll            |       |     4 |     5 |       ||     9
 Stab: Sleeping          |    23 |    44 |    84 |    24 ||   175
       Distracted        |     1 |     1 |     3 |     1 ||     6
       Confused          |       |       |     9 |       ||     9
Armor: Robe              |    30 |    14 |    24 |    11 ||    79
Dodge: Dodged            |    75 |    47 |   145 |    51 ||   318

Table legend: (Time is in decaauts)
 A = Elapsed time spent in this place.
 B = Non-inter-level travel time spent in this place.
 C = Inter-level travel time spent in this place.
 D = Time resting spent in this place.
 E = Time spent auto-exploring this place.
 F = Levels seen in this place.
 G = Mean time per level.
                   A        B        C        D        E       F      G
               +--------+--------+--------+--------+--------+-----+--------+
         Total |   9563 |   8293 |   1270 |    595 |   5851 |  10 |  956.3 |
       Dungeon |   9472 |   8214 |   1258 |    595 |   5784 |   9 | 1052.4 |
        Temple |     91 |     79 |     12 |      0 |     67 |   1 |   91.0 |
               +--------+--------+--------+--------+--------+-----+--------+

Top non-repeatable levels by time:
     D:2: 1317 daAuts
     D:6: 1252 daAuts
     D:7: 1239 daAuts
     D:9: 1137 daAuts
     D:3: 1083 daAuts
     D:5: 1006 daAuts
     D:1: 945 daAuts
     D:4: 787 daAuts
     D:8: 702 daAuts
  Temple: 91 daAuts
